 Dungeon Crawl Stone Soup version 0.28-a0-1184-g53156a8862 (webtiles) character file.

Game seed: 13859421839609123853

653 siradein the Caller (level 7, -5/46 HPs)
             Began as a Vampire Summoner on Dec 17, 2021.
             Slain by a scorpion (7 damage)
             ... on level 5 of the Dungeon.
             The game lasted 00:20:32 (4064 turns).

siradein the Caller (Vampire Summoner)              Turns: 4064, Time: 00:20:33

Health: -5/46      AC:  4    Str:  7    XL:     7   Next: 29%
Magic:  11/14      EV: 11    Int: 19    God:
Gold:   146        SH:  9    Dex: 21    Spells: 6/16 levels left

rFire   . . .      SeeInvis +   b - +0 short sword
rCold   . . .      Faith    .   i - +0 buckler
rNeg    . . .      Spirit   .   c - +0 leather armour
rPois   .          Reflect  +   (no helmet)
rElec   .          Harm     .   (no cloak)
rCorr   .          Rampage  .   (no gloves)
Will    .....                   r - +0 pair of boots
Stlth   ++........              q - amulet of reflection
HPRegen 0.35/turn               u - ring of wizardry
MPRegen 0.14/turn               n - +6 ring of dexterity

@: lethally poisoned (-5 -> -13), healing quickly
A: alive, fangs 3, see invisible, vampiric 2
a: Exsanguinate


You were on level 5 of the Dungeon.
You visited 1 branch of the dungeon, and saw 5 of its levels.

You collected 146 gold pieces.

Inventory:

Hand Weapons
 b - a +0 short sword (weapon)
Missiles
 k - a throwing net
Armour
 c - a +0 leather armour (worn)
 i - a +0 buckler (worn)
 r - a +0 pair of boots (worn)
Jewellery
 e - a ring of positive energy
 h - a ring of flight
 n - a +6 ring of dexterity (right hand)
 q - an amulet of reflection (around neck)
 s - a ring of protection from cold
 u - a ring of wizardry (left hand)
Wands
 l - a wand of flame (18)
 m - a wand of iceblast (4)
 t - a wand of digging (8)
Scrolls
 a - 3 scrolls of identify {unknown}
 d - a scroll of magic mapping {unknown}
 g - 3 scrolls of teleportation {unknown}
 o - a scroll of fog {unknown}
Potions
 f - 2 potions of attraction {unknown}
 j - a potion of lignification {unknown}
 p - a potion of curing {unknown}


   Skills:
 - Level 2.1 Dodging
 - Level 3.0 Stealth
 + Level 5.1 Spellcasting
 + Level 6.6 Summonings
 + Level 2.6 Air Magic


You had 6 spell levels left.
You knew the following spells:

 Your Spells              Type           Power      Damage    Failure   Level
a - Summon Small Mammal   Summ           100%       N/A       1%          1
b - Call Imp              Summ           30%        N/A       1%          2
c - Call Canine Familiar  Summ           30%        N/A       2%          3
d - Summon Lightning Spi  Summ/Air       22%        N/A       19%         4

Your spell library contained the following spells:

 Spells                   Type           Power      Damage    Failure   Level
 Summon Guardian Golem    Hex/Summ       17%        N/A       10%         3


Dungeon Overview and Level Annotations

Branches:
Dungeon (5/15)
 Temple: D:4-7

Altars:
Ashenzari
Elyvilon
Fedhas
Makhleb
Okawaru
Trog


Innate Abilities, Weirdness & Mutations

Your natural rate of healing is accelerated.
You have razor-sharp teeth.
You have supernaturally acute eyesight. (SInv)
You are afflicted with vampirism and can become a bat while bloodless.


Message History

The howler monkey closely misses your hound.
The scorpion stings you.
You are poisoned.
The scorpion poisons you!
Your shadow imp barely misses the howler monkey.
Your hound bites the howler monkey.
You hit the scorpion.
The scorpion is heavily wounded.
You feel very sick.
The howler monkey closely misses your hound.
The scorpion stings you!
You are more poisoned.
The scorpion poisons you!
Your hound closely misses the howler monkey.
Your shadow imp gestures at the howler monkey.
The howler monkey writhes in agony!
The howler monkey dies!
The scorpion stings you.
Your hound bites the scorpion.
You are too injured to fight recklessly!
You are too injured to fight recklessly!
Unknown command.
You closely miss the scorpion.
The scorpion is severely wounded.
* * * LOW HITPOINT WARNING * * *
You feel very sick.
Your shadow imp hits the scorpion.
Your hound completely misses the scorpion.
The scorpion stings you but does no damage.
You hit the scorpion but do no damage.
The scorpion is severely wounded.
* * * LOW HITPOINT WARNING * * *
You feel very sick.
Your hound bites the scorpion but does no damage.
The scorpion stings you!
* * * LOW HITPOINT WARNING * * *
Your shadow imp barely misses the scorpion.
Your hound closely misses the scorpion.
A bat comes into view.
The scorpion stings you!
You die...

.$ #.. # #..# ...
#..# ..... #..#
#......## ###..#
#.........##...#
##...........s@.#
##.......(....5h..#
#<...............##
.h.....##........#
.h...###.........(
.o.### .....#....#
.### ...####...# ##
..# ##b.. ### ..
...#


You could see a scorpion (ally target), a bat, a friendly hound (summoned) and a
friendly shadow imp (summoned).

Vanquished Creatures
  A centaur (D:5)
  A scorpion (D:5)
  An orc wizard (D:4)
  A hound skeleton (D:4)
  An adder (D:2)
  7 bats
  3 endoplasms
  3 giant cockroaches
  4 hobgoblins
  7 jackals (D:1)
  A quokka (D:1)
  3 ball pythons
  A frilled lizard (D:2)
  6 goblins
  7 kobolds
  4 rats
51 creatures vanquished.

Vanquished Creatures (collateral kills)
  An ogre (D:2)
  A phantom (D:4)
  A scorpion (D:4)
  A howler monkey (D:5)
  A centaur zombie (D:4)
  Ijyb (D:3)
  A hound skeleton (D:5)
  3 gnolls (D:2)
  3 adders
  An adder zombie (D:5)
  A worm (D:1)
  A dart slug (D:2)
  3 orcs
  A ball python (D:3)
  An endoplasm (D:2)
  2 goblins
  2 hobgoblins
  A jackal (D:1)
  A kobold (D:1)
  A rat (D:2)
28 creatures vanquished.

Grand Total: 79 creatures vanquished

Notes
Turn   | Place    | Note
-------+----------+-------------------------------------------
     0 | D:1      | siradein the Vampire Summoner began the quest for the Orb.
     0 | D:1      | Reached XP level 1. HP: 13/13 MP: 3/3
   234 | D:1      | Reached XP level 2. HP: 16/19 MP: 5/5
   273 | D:1      | Learned a level 2 spell: Call Imp
   806 | D:1      | Gained mutation: You are afflicted with vampirism and can
                  | become a bat while bloodless. [Vampire growth]
   806 | D:1      | Reached XP level 3. HP: 8/24 MP: 7/7
   810 | D:1      | Learned a level 3 spell: Call Canine Familiar
  1303 | D:2      | Found an iron altar of Okawaru.
  1490 | D:2      | Reached XP level 4. HP: 28/30 MP: 8/8
  1644 | D:2      | Reached skill level 5 in Summonings
  1740 | D:2      | Noticed an ogre
  1760 | D:2      | Killed an ogre
  1761 | D:2      | Reached XP level 5. HP: 35/35 MP: 6/10
  2026 | D:3      | Noticed Ijyb
  2041 | D:3      | Killed Ijyb
  2131 | D:3      | Found a bloodstained altar of Trog.
  2649 | D:3      | Found a broken altar of Ashenzari.
  2817 | D:4      | Reached XP level 6. HP: 33/41 MP: 10/12
  2828 | D:4      | Learned a level 4 spell: Summon Lightning Spire
  2991 | D:4      | Reached skill level 6 in Summonings
  2991 | D:4      | Reached skill level 1 in Air Magic
  3078 | D:4      | Found an iron altar of Okawaru.
  3139 | D:4      | Found a blossoming altar of Fedhas.
  3154 | D:4      | Found a burning altar of Makhleb.
  3512 | D:5      | Entered Level 5 of the Dungeon
  3596 | D:5      | Noticed an ice beast
  3756 | D:5      | Reached XP level 7. HP: 15/46 MP: 5/14
  3847 | D:4      | Reached skill level 5 in Spellcasting
  4064 | D:5      | HP: 2/46 [scorpion (7)]
  4064 | D:5      | Slain by a scorpion

Illustrated notes

Levels and vault maps discovered:
D:1:      dpeg_arrival_brainrot, layout_loops_ring
D:2:      layout_loops_ring, basic_altar, minmay_tetromino_o2
D:3:      layout_loops_ring, bloody_trog, overflow_temple_1_default,
          minmay_cupped, uniq_ijyb
D:4:      layout_basic, marbit_many_paths, fedhas_altar_1,
          nicolae_overflow_crystal_walls, okawaru_metal_pillars_1_2
D:5:      layout_layer_cave, mainiacjoe_overflow_alcove_1,
          nicolae_concentric_dashed_squares_wild, roderic_batcave

Skill      XL: |  1  2  3  4  5  6  7 |
---------------+----------------------+-----
Spellcasting   | 3 4 5 |  5.1
Summonings     | 5 6 |  6.6
Air Magic      | 2 |  2.6
Dodging        | |  2.1
Stealth        | |  3.0

Action                   |  1- 3 |  4- 6 |  7- 9 || total
-------------------------+-------+-------+-------++-------
Melee: Short sword       |   159 |   102 |    22 ||   283
       Unarmed           |     3 |       |       ||     3
       Bite              |    10 |    18 |     6 ||    34
 Cast: Summon Small Mamm |     7 |       |       ||     7
       Call Imp          |     8 |    13 |     2 ||    23
       Call Canine Famil |       |    10 |     3 ||    13
 Stab: Sleeping          |     6 |     4 |       ||    10
       Distracted        |       |     5 |       ||     5
Armor: Leather armour    |    61 |    18 |     8 ||    87
       Robe              |     1 |       |       ||     1
Dodge: Dodged            |   121 |    68 |    10 ||   199
Block: Buckler           |       |    36 |     4 ||    40
       Reflection        |       |     1 |       ||     1

Table legend: (Time is in decaauts)
 A = Elapsed time spent in this place.
 B = Non-inter-level travel time spent in this place.
 C = Inter-level travel time spent in this place.
 D = Time resting spent in this place.
 E = Time spent auto-exploring this place.
 F = Levels seen in this place.
 G = Mean time per level.
                   A        B        C        D        E       F      G
               +--------+--------+--------+--------+--------+-----+--------+
         Total |   4100 |   4014 |     86 |    159 |   2819 |   5 |  820.0 |
       Dungeon |   4100 |   4014 |     86 |    159 |   2819 |   5 |  820.0 |
               +--------+--------+--------+--------+--------+-----+--------+

Top non-repeatable levels by time:
     D:1: 1137 daAuts
     D:4: 1062 daAuts
     D:2: 903 daAuts
     D:3: 783 daAuts
     D:5: 213 daAuts
